 Dungeon Crawl Stone Soup version 0.31-a0-165-g3f4f80340b (webtiles) character file.

Game seed: 1390953313349920660

331 qw the Shooter (level 6, -2/56 HPs)
             Began as a Naga Hunter on June 13, 2023.
             Slain by an ogre
             ... wielding a +0 giant club
              (19 damage)
             ... on level 4 of the Dungeon.
             The game lasted 00:00:47 (2722 turns).

qw the Shooter (Naga Hunter)                        Turns: 2722, Time: 00:00:48

Health: -2/56      AC:  9    Str: 14    XL:     6   Next: 51%
Magic:  6/6        EV:  8    Int:  9    God:
Gold:   57         SH:  0    Dex: 16    Spells: 5/5 levels left

rFire   . . .        Y - +2 shortbow
rCold   . . .        (shield currently unavailable)
rNeg    . . .        b - +5 ring mail of Hedging {rPois}
rPois   +            (no helmet)
rElec   .            (no cloak)
rCorr   .            (no gloves)
SInv    +            (no barding)
Will    .....        (no amulet)
Stlth   +            (no ring)
HPRegen 0.29/turn    (no ring)
MPRegen 0.10/turn

%: no passive effects
@: short of breath, very slow
A: AC +2, large, see invisible, deformed body, poison resistance, slowness 2,
spit poison 1, naga tail 1
a: Spit Poison


You were on level 4 of the Dungeon.
You visited 1 branch of the dungeon, and saw 4 of its levels.

You collected 57 gold pieces.


Innate Abilities, Weirdness & Mutations

Your serpentine skin is tough. (AC +2)
You have supernaturally acute eyesight. (SInv)
Armour fits poorly on your strangely shaped body.
Your system is resistant to poisons. (rPois)
You cover ground very slowly.
You can spit poison.
You have a snake-like lower body.


   Skills:
 + Level 3.6 Fighting
 - Level 6.3 Ranged Weapons
 - Level 1.5 Dodging
 - Level 1.5 Stealth


You had 5 spell levels left.
You didn't know any spells.
Your spell library was empty.

Inventory:

Hand Weapons
 Y - a +2 shortbow (weapon)
Armour
 b - the +5 ring mail of Hedging (worn) {rPois}
   (You found it on level 2 of the Dungeon)

   rPois:     It protects you from poison.
Scrolls
 a - a scroll of revelation {unknown}
Potions
 e - a potion of heal wounds
 g - a potion of mutation {unknown}
 j - a potion of lignification {unknown}

Dungeon Overview and Level Annotations

Branches:
Dungeon (4/15)
 Temple: D:4-7

Altars:
Nemelex Xobeh


Message History

You open the door.
There is an open door here.
You hear the slow hiss of a very distant avalanche of sand.
a - a scroll labelled DOGIOG XEKH
There is an open door here.
An ogre comes into view. It is wielding a +0 giant club.
The ogre shouts!
The ogre hits you with a +0 giant club!
Enter note:
Enter note:
2715 ||| INVOKING Spit Poison.
Aiming: Spit Poison (1% risk of failure)
Press: ? - help, Shift-Dir - straight line, f - ogre The splash of poison misses the ogre.
You shoot an arrow. The arrow hits the ogre.
The ogre is moderately wounded.
The ogre hits you with a +0 giant club!
You shoot an arrow. The arrow hits the ogre.
The ogre is moderately wounded.
You have got your breath back.
The ogre closely misses you.
2718 ||| INVOKING Spit Poison.
Aiming: Spit Poison (1% risk of failure)
Press: ? - help, Shift-Dir - straight line, f/p - ogre The splash of poison hits the ogre.
The ogre is heavily wounded.
You hear the hiss of a very distant avalanche of sand.
You shoot an arrow.
The arrow hits the ogre but does no damage.
The ogre is heavily wounded.
The ogre hits you with a +0 giant club!
You shoot an arrow. The arrow hits the ogre.
The ogre is heavily wounded.
The ogre closely misses you.
You shoot an arrow. The arrow hits the ogre.
The ogre is severely wounded.
The ogre closely misses you.
You shoot an arrow. The arrow barely misses the ogre.
The ogre hits you with a +0 giant club!!
You die...

.......+....'...+.#
.......######...###
..........#.......#
####.#.#.##'#...#+#
# #.#.#...<#...# #
#.#.#....##+##
####.#....#.#..#
.....#....#.#.###+#
######....#.....@.#
# #....#######O#
#....# .#
######.#'## .#
.......#.# ..
.#######.# ## .#
#.## .# #..# .#
##.#


You could see an ogre.

Vanquished Creatures
  Sigmund (D:2)
  A scorpion (D:4)
  A sleepcap (D:3)
  An adder (D:2)
  3 dart slugs
  2 worms
  3 orcs (D:3)
  7 ball pythons
  7 endoplasms
  3 goblins
  8 hobgoblins
  2 jackals (D:2)
  4 kobolds (D:2)
  2 quokkas
  2 bats
  4 frilled lizards
  7 rats
58 creatures vanquished.

Notes
Turn   | Place    | Note
-------+----------+-------------------------------------------
     0 | D:1      | qw the Naga Hunter began the quest for the Orb.
     0 | D:1      | Reached XP level 1. HP: 19/19 MP: 1/1
     0 | D:1      | 0 ||| qw: Version: 0.2-a-29-gc1b59c4
     0 | D:1      | 0 ||| qw: Game counter: 4796
     0 | D:1      | 0 ||| qw: Always use a shield: true
     0 | D:1      | 0 ||| qw: God list: Okawaru
     0 | D:1      | 0 ||| qw: Allow faded altars: false
     0 | D:1      | 0 ||| qw: Do Orc after D:15 true
     0 | D:1      | 0 ||| qw: Do second Lair branch before Depths: true
     0 | D:1      | 0 ||| qw: Lair rune preference: random
     0 | D:1      | 0 ||| qw: Plans: Normal
     0 | D:1      | 0 ||| PLANNING D:1-11
    51 | D:1      | 51 ||| INVOKING Spit Poison.
    64 | D:1      | 64 ||| INVOKING Spit Poison.
    72 | D:1      | 72 ||| INVOKING Spit Poison.
    81 | D:1      | 81 ||| INVOKING Spit Poison.
    84 | D:1      | 84 ||| INVOKING Spit Poison.
    86 | D:1      | Reached skill level 4 in Ranged Weapons
    86 | D:1      | Reached XP level 2. HP: 26/26 MP: 2/2
   127 | D:1      | 127 ||| INVOKING Spit Poison.
   155 | D:1      | 155 ||| INVOKING Spit Poison.
   169 | D:1      | 169 ||| INVOKING Spit Poison.
   177 | D:1      | 177 ||| INVOKING Spit Poison.
   182 | D:1      | 182 ||| INVOKING Spit Poison.
   185 | D:1      | 185 ||| INVOKING Spit Poison.
   192 | D:1      | 192 ||| INVOKING Spit Poison.
   196 | D:1      | 196 ||| INVOKING Spit Poison.
   277 | D:1      | Reached XP level 3. HP: 29/32 MP: 3/3
   295 | D:1      | 295 ||| INVOKING Spit Poison.
   471 | D:1      | 471 ||| INVOKING Spit Poison.
   506 | D:1      | 506 ||| INVOKING Spit Poison.
   513 | D:1      | 513 ||| INVOKING Spit Poison.
   525 | D:1      | 525 ||| INVOKING Spit Poison.
   685 | D:1      | 685 ||| READING scroll labelled VAEQU JAWEEHEG.
   686 | D:1      | 686 ||| READING scroll labelled OXKIES FUIRCHO.
   687 | D:1      | 687 ||| DROPPING scroll of butterflies.
   703 | D:2      | 703 ||| INVOKING Spit Poison.
   711 | D:2      | 711 ||| INVOKING Spit Poison.
   715 | D:2      | 715 ||| INVOKING Spit Poison.
   721 | D:2      | 721 ||| INVOKING Spit Poison.
   783 | D:2      | 783 ||| INVOKING Spit Poison.
   816 | D:2      | 816 ||| INVOKING Spit Poison.
   843 | D:2      | 843 ||| INVOKING Spit Poison.
   874 | D:2      | 874 ||| INVOKING Spit Poison.
   881 | D:2      | 881 ||| INVOKING Spit Poison.
   963 | D:2      | 963 ||| INVOKING Spit Poison.
   971 | D:2      | Identified the +5 ring mail of Hedging {rPois}
  1018 | D:2      | 1018 ||| INVOKING Spit Poison.
  1248 | D:2      | Noticed Sigmund
  1249 | D:2      | 1249 ||| INVOKING Spit Poison.
  1256 | D:2      | 1256 ||| INVOKING Spit Poison.
  1259 | D:2      | Killed Sigmund
  1260 | D:2      | Reached skill level 6 in Ranged Weapons
  1260 | D:2      | Reached XP level 4. HP: 22/39 MP: 4/4
  1260 | D:2      | Reached XP level 5. HP: 25/45 MP: 5/5
  1388 | D:2      | 1388 ||| INVOKING Spit Poison.
  1392 | D:2      | 1392 ||| INVOKING Spit Poison.
  1447 | D:2      | 1447 ||| INVOKING Spit Poison.
  1450 | D:2      | Reached XP level 6. HP: 47/52 MP: 6/6
  1544 | D:2      | 1544 ||| INVOKING Spit Poison.
  1639 | D:2      | 1639 ||| UPGRADING to +5 ring mail of Hedging {rPois}.
  1649 | D:2      | 1649 ||| DROPPING +0 leather armour.
  1650 | D:2      | 1650 ||| READING scroll labelled JEF YGEQIUME.
  1651 | D:2      | 1651 ||| READING scroll labelled HUUFEL NUENGI.
  1652 | D:2      | 1652 ||| DRINKING 2 fuming grey potions.
  1724 | D:3      | 1724 ||| READING scroll of enchant weapon.
  1724 | D:3      | 1724 ||| ENCHANTING +1 shortbow.
  1758 | D:3      | 1758 ||| INVOKING Spit Poison.
  1821 | D:3      | 1821 ||| INVOKING Spit Poison.
  1919 | D:3      | 1919 ||| INVOKING Spit Poison.
  1945 | D:3      | 1945 ||| INVOKING Spit Poison.
  1960 | D:3      | 1960 ||| INVOKING Spit Poison.
  1984 | D:3      | Found a faded altar of an unknown god.
  2013 | D:3      | 2013 ||| INVOKING Spit Poison.
  2017 | D:3      | Found a sparkling altar of Nemelex Xobeh.
  2115 | D:3      | 2115 ||| INVOKING Spit Poison.
  2256 | D:3      | 2256 ||| DROPPING ring of magical power.
  2257 | D:3      | 2257 ||| READING 2 scrolls labelled ATUHAI BAUNN.
  2258 | D:3      | 2258 ||| READING scroll labelled LINGIN POSIRUSS.
  2259 | D:3      | 2259 ||| READING scroll labelled KIUCE FANEURGH.
  2260 | D:3      | 2260 ||| READING scroll labelled DUJAYSHUON.
  2264 | D:3      | 2264 ||| DRINKING 2 grey potions.
  2265 | D:3      | 2265 ||| DRINKING 3 puce potions.
  2266 | D:3      | 2266 ||| DROPPING scroll of blinking.
  2267 | D:3      | 2267 ||| DROPPING potion of attraction.
  2268 | D:3      | 2268 ||| DROPPING 2 potions of invisibility.
  2569 | D:4      | 2569 ||| PLANNING OSSUARY
  2605 | D:4      | 2605 ||| INVOKING Spit Poison.
  2608 | D:4      | 2608 ||| INVOKING Spit Poison.
  2609 | D:4      | Reached skill level 3 in Fighting
  2715 | D:4      | 2715 ||| INVOKING Spit Poison.
  2718 | D:4      | 2718 ||| INVOKING Spit Poison.
  2722 | D:4      | Slain by an ogre

Levels and vault maps discovered:
D:1:      lightli_arrival_boilingwater, layout_basic
D:2:      layout_basic, uniq_sigmund
D:3:      layout_basic, nemelex_dance_club_becter, nicolae_ecumenical_oubliette,
          kennysheep_generic_room_4
D:4:      nicolae_cairo_tiling_large, layout_basic, enter_ossuary_2,
          serial_shops, shop, uniq_robin, uniq_blork_the_orc

Skill      XL: |  1  2  3  4  5  6 |
---------------+-------------------+-----
Ranged Weapons | 4 6 |  6.3
Fighting       | 3 |  3.6
Dodging        | |  1.5
Stealth        | |  1.5

Action                     |  1- 3 |  4- 6 || total
---------------------------+-------+-------++-------
   Fire: Shortbow          |    67 |    34 ||   101
Ability: Spit Poison       |    31 |    15 ||    46
    Use: Scroll            |     2 |     7 ||     9
         Potion            |       |     3 ||     3
 Armour: Leather armour    |     1 |     2 ||     3
         Ring mail         |       |     3 ||     3
  Dodge: Dodged            |    16 |     4 ||    20

Table legend:
 A = Non-vault XP
 B = Vault XP
 C = Vault XP percentage of total XP
 D = Non-vault monster count
 E = Vault monster count
 F = Vault count percentage of total count
                 A         B        C        D         E       F
            +---------+---------+-------+---------+---------+-------
      Total |     237 |     236 |  49.9 |      54 |       4 |   6.9
            +---------+---------+-------+---------+---------+-------
        D:1 |      48 |       0 |   0.0 |      28 |       0 |   0.0
        D:2 |      48 |     226 |  82.5 |      17 |       1 |   5.6
        D:3 |      53 |      10 |  15.9 |       8 |       3 |  27.3
        D:4 |      88 |       0 |   0.0 |       1 |       0 |   0.0
            +---------+---------+-------+---------+---------+-------
